 Dungeon Crawl Stone Soup version 0.30.1-3-gfc49f6343a (webtiles) character file.

Game seed: 15979981642577559779

144 spardeous the Conjurer (level 4, -1/33 HPs)
             Began as a Demigod Conjurer on Aug 9, 2023.
             Slain by Crazy Yiuf
             ... wielding a +3 quarterstaff of chaos
              (10 damage)
             ... on level 3 of the Dungeon.
             The game lasted 00:02:21 (3209 turns).

spardeous the Conjurer (Demigod Conjurer)           Turns: 3209, Time: 00:02:22

Health: -1/33      AC:  2    Str:  8    XL:     4   Next: 76%
Magic:  11/11      EV: 12    Int: 24    God:
Gold:   165        SH:  0    Dex: 12    Spells: 2/9 levels left

rFire   . . .        (no weapon)
rCold   . . .        (no shield)
rNeg    . . .        a - +0 robe
rPois   .            (no helmet)
rElec   .            (no cloak)
rCorr   .            (no gloves)
SInv    .            (no boots)
Will    .....        (no amulet)
Stlth   ++           (no ring)
HPRegen 0.25/turn    (no ring)
MPRegen 0.12/turn

%: no passive effects
@: no status effects
A: high MP 1, forlorn, divine attributes
a: no special abilities


You were on level 3 of the Dungeon.
You visited 1 branch of the dungeon, and saw 3 of its levels.

You collected 165 gold pieces.

Inventory:

Armour
 a - a +0 robe (worn)
Jewellery
 i - a ring of ice
Scrolls
 c - 6 scrolls of amnesia {unknown}
 d - 2 scrolls of vulnerability {unknown}
 f - a scroll of identify {unknown}
 g - a scroll of enchant weapon {unknown}
 h - 2 scrolls of immolation {unknown}
 j - a scroll of teleportation {unknown}
 l - a scroll of magic mapping {unknown}
Potions
 b - a potion of magic
 e - a potion of mutation {unknown}
 k - 2 potions of berserk rage {unknown}
 m - 3 potions of curing {unknown}
 n - a potion of might {unknown}
 o - a potion of heal wounds {unknown}


   Skills:
 - Level 1.7 Dodging
 - Level 1.7 Stealth
 + Level 3.3 Spellcasting
 + Level 4.8 Conjurations


You had 2 spell levels left.
You knew the following spells:

 Your Spells              Type           Power      Damage    Failure   Level
a - Magic Dart            Conj           100%       1d8       1%          1
b - Searing Ray           Conj           54%        2d6       2%          2
c - Iskenderun's Mystic   Conj/Tloc      15%        2d5       36%         4

Your spell library contained the following spells:

 Spells                   Type           Power      Damage    Failure   Level
 Sublimation of Blood     Necr           4%         N/A       16%         2
 Wereblood                Tmut           4%         N/A       16%         2
 Dazzling Flash           Conj/Hex       30%        N/A       12%         3
 Fulminant Prism          Conj/Hex       7%         3d6       36%         4
 Summon Hydra             Summ           2%         N/A       100%        7


Dungeon Overview and Level Annotations

Branches:
Dungeon (3/15)

Annotations:
D:3 Crazy Yiuf


Innate Abilities, Weirdness & Mutations

You have an increased reservoir of magic. (+10% MP)
You shall have no god before yourself.
Your divine heritage dramatically boosts your attributes as you level up.


Message History

You can't see any susceptible monsters within range! (Use Z to cast anyway.) Could not explore, unopened runed door.
Casting: Magic Dart (safe; 1% risk of failure)
Confirm with . or Enter, or press ? or * to list all spells.
You can't see any susceptible monsters within range! (Use Z to cast anyway.) Could not explore, unopened runed door.
Casting: Magic Dart (safe; 1% risk of failure)
Confirm with . or Enter, or press ? or * to list all spells.
You can't see any susceptible monsters within range! (Use Z to cast anyway.) Could not explore, unopened runed door.
Casting: Magic Dart (safe; 1% risk of failure)
Confirm with . or Enter, or press ? or * to list all spells.
You can't see any susceptible monsters within range! (Use Z to cast anyway.) Could not explore, unopened runed door.
Casting: Magic Dart (safe; 1% risk of failure)
Confirm with . or Enter, or press ? or * to list all spells.
You can't see any susceptible monsters within range! (Use Z to cast anyway.) This spell is extremely dangerous to cast!
Memorise Iskenderun's Mystic Blast, consuming 4 spell levels and leaving 2?
You start memorising the spell.
You continue memorising.
Crazy Yiuf says, "Mama shoe rumpyflump!"
You continue memorising. x3
You finish memorising.
Spell assigned to 'c'.
Could not explore, unopened runed door.
You open the door.
(D) Dungeon
Where to? (Enter - D:3, ? - help) Crazy Yiuf is nearby!
Crazy Yiuf attacks as you move away!
Crazy Yiuf hits you with a +3 quarterstaff of chaos!
Crazy Yiuf burns you.
You take 15 damage, and have 18/33 hp.
MASSIVE DAMAGE!!
Crazy Yiuf attacks as you move away!
Crazy Yiuf hits you with a +3 quarterstaff of chaos!
* * * LOW HITPOINT WARNING * * *
You take 9 damage, and have 9/33 hp.
MASSIVE DAMAGE!!
You see here a +0 hammer.
Crazy Yiuf attacks as you move away!
Crazy Yiuf hits you with a +3 quarterstaff of chaos!
You die...

.#.......>...# ...
#...# #########.####
#'# #.### #####.###
##.# #.# #....>..#
#.## #.# #.#####.#
##.# #.# #.#####.#
#.## #.# #....##.#
##.## #.#
#####.##.##.## #g).##
#.# .......#.....#
#@...# ###
....#........# #....#
.##.##.#####.###.)..#
.##.##.# #.....).)#
.##.##.# #####...##
.......# #####
###.#### #.# #.#


You could see Crazy Yiuf.

Vanquished Creatures
  Terence (D:1)
  A gnoll (D:1)
  5 adders
  A dart slug (D:1)
  A worm (D:2)
  An orc (D:3)
  7 endoplasms
  4 giant cockroaches
  4 goblins
  5 hobgoblins
  7 kobolds
  2 quokkas
  10 ball pythons
  2 frilled lizards
  4 rats
55 creatures vanquished.

Notes
Turn   | Place    | Note
-------+----------+-------------------------------------------
     0 | D:1      | spardeous the Demigod Conjurer began the quest for the Orb.
     0 | D:1      | Reached XP level 1. HP: 14/14 MP: 5/5
   417 | D:1      | Reached XP level 2. HP: 20/20 MP: 5/7
   594 | D:1      | Reached skill level 4 in Conjurations
  1125 | D:1      | Reached XP level 3. HP: 26/26 MP: 0/9
  1128 | D:1      | Learned a level 2 spell: Searing Ray
  1253 | D:2      | Noticed Terence
  1534 | D:1      | Killed Terence
  1776 | D:2      | Reached XP level 4. HP: 33/33 MP: 9/11
  2646 | D:3      | Found a runed translucent door.
  2647 | D:3      | Noticed Crazy Yiuf
  3202 | D:3      | Learned a level 4 spell: Iskenderun's Mystic Blast
  3209 | D:3      | Slain by Crazy Yiuf

Illustrated notes

Levels and vault maps discovered:
D:1:      saegor_arrival_under_anarchy, layout_basic,
          hellmonk_ecumenical_altar_crossroads
D:2:      layout_loops_corners, minmay_misc_feat_secret_circle, uniq_terence
D:3:      layout_loops_cross, uniq_crazy_yiuf_cottage

Skill      XL: |  1  2  3  4 |
---------------+-------------+-----
Spellcasting   | 2 3 |  3.3
Conjurations   | 4 |  4.8
Dodging        | |  1.7
Stealth        | |  1.7

Action                     |  1- 3 |  4- 6 || total
---------------------------+-------+-------++-------
  Melee: Unarmed           |     8 |       ||     8
   Cast: Magic Dart        |    80 |    41 ||   121
         Searing Ray       |     3 |       ||     3
 Armour: Robe              |     6 |       ||     6
  Dodge: Dodged            |    40 |       ||    40
